 Dungeon Crawl Stone Soup version 0.18-a0-1523-gbe15c29 (webtiles) character file.

575 Gorice the Slasher (level 7, -2/50 HPs)
             Began as a Demonspawn Gladiator on Mar 7, 2016.
             Was an Initiate of Okawaru.
             Slain by milladamen's ghost (16 damage)
             ... on level 5 of the Dungeon.
             The game lasted 00:12:34 (4681 turns).

Gorice the Slasher (Demonspawn Gladiator)           Turns: 4681, Time: 00:12:34

Health: -2/50      AC:  8    Str: 16    XL:     7   Next: 12%
Magic:  7/7        EV:  7    Int:  7    God:    Okawaru [......]
Gold:   330        SH:  0    Dex: 15    Spells: 0 memorised, 6 levels left

rFire  . . .     SeeInvis +     a - +0 long sword
rCold  + + .     Gourm    .     n - +0 chain mail
rNeg   . . .     Faith    .     (no shield)
rPois  .         Spirit   .     (helmet restricted)
rElec  .         Dismiss  .     (no cloak)
rCorr  .         Reflect  .     (no gloves)
SustAt .         Harm     +     (no boots)
MR     .....                    k - amulet of harm
Stlth  ..........               v - ring of protection from cold
                                g - ring of see invisible

@: not resistant to hostile enchantments, extremely unstealthy
A: antennae 1, claws 2, hooves 2, agile 1, cold resistance 1, dopey 1,
regeneration 1, weak 1
a: Renounce Religion


You were on level 5 of the Dungeon.
You worshipped Okawaru.
Okawaru was noncommittal.
You were not hungry.

You visited 2 branches of the dungeon, and saw 6 of its levels.

You collected 330 gold pieces.

Inventory:

Hand Weapons
 a - a +0 long sword (weapon)
 b - a -2 hunting sling
 s - a +2 short sword of venom
   (You took it off a kobold on level 2 of the Dungeon)
Missiles
 c - 22 sling bullets
 e - 17 poisoned sling bullets
 j - 22 poisoned needles
 m - 11 sling bullets of flame
 u - 6 curare-tipped needles
 y - 17 bolts
 z - 2 tomahawks (quivered)
 Y - 2 throwing nets
 Z - 169 stones
Armour
 n - a +0 chain mail (worn)
Jewellery
 g - a ring of see invisible (left claw)
 h - an uncursed ring of stealth
 k - an amulet of harm (around neck)
 v - a ring of protection from cold (right claw)
Scrolls
 d - 2 scrolls of teleportation {!r}
 x - a scroll of remove curse
 A - a scroll of enchant weapon
Potions
 i - 2 potions of agility {!q}
 l - a potion of curing
 o - a potion of might {!q}
 r - a potion of heal wounds {!q}
 w - a potion of flight {unknown}
Comestibles
 f - 4 bread rations {!e}
 p - 5 chunks of flesh
 q - 2 fruits
 t - 2 meat rations {!e}


   Skills:
 - Level 2.0 Fighting
 * Level 7.1 Long Blades
 - Level 1.7 Throwing
 + Level 2.1 Armour
 - Level 2.6 Dodging


You had 6 spell levels left.
You didn't know any spells.

Dungeon Overview and Level Annotations

Branches:
Dungeon (5/15)             Temple (1/1) D:4

Altars:
Ashenzari
Cheibriados
Dithmenos
Elyvilon
Fedhas
Gozag
Kikubaaqudgha
Makhleb
Nemelex Xobeh
Okawaru
Qazlal
Ru
Sif Muna
Trog
Vehumet
Xom
Yredelemnul
Zin

Annotations:
D:5 milladamen's ghost, novice MiBe


Innate Abilities, Weirdness & Mutations

You have a pair of small antennae on your head.
You have very sharp fingernails.
You have hoof-like feet.
You are agile. (Dex +2)
Your flesh is cold resistant.
You are dopey. (Int -2)
Your natural rate of healing is unusually fast.
You are weak. (Str -2)


Message History

You hit the gnoll.
The gnoll is poisoned.
You kick the gnoll, but do no damage.
The gnoll is moderately wounded.
The gnoll hits you with a whip.
Damage: 1 (max 5)
You completely miss the gnoll.
The gnoll is moderately wounded.
The gnoll barely misses you.
You closely miss the gnoll. You kick the gnoll.
The gnoll is heavily wounded.
You hit the gnoll.
The gnoll looks even sicker.
You kick the gnoll, but do no damage.
The gnoll is almost dead.
The gnoll hits you with a whip.
Damage: 6 (max 6)
You hit the gnoll.
You kill the gnoll!
Okawaru accepts your kill.
Wield which item (- for none, * to show all)? (? for menu, Esc to quit)
Your +2 short sword of venom stops dripping with poison.
a - a +0 long sword (weapon)
You hit milladamen's ghost. You kick milladamen's ghost.
Milladamen's ghost is lightly damaged.
Milladamen's ghost barely misses you.
You hit milladamen's ghost.
Milladamen's ghost is lightly damaged.
Milladamen's ghost hits you but does no damage.
You hit milladamen's ghost but do no damage.
You kick milladamen's ghost, but do no damage.
Milladamen's ghost is lightly damaged.
Milladamen's ghost hits you.
Damage: 5 (max 6)
You hit milladamen's ghost but do no damage.
Milladamen's ghost is lightly damaged.
Milladamen's ghost closely misses you.
You closely miss milladamen's ghost.
You kick milladamen's ghost, but do no damage.
Milladamen's ghost is lightly damaged.
Milladamen's ghost hits you.
Damage: 5 (max 6)
You hit milladamen's ghost but do no damage.
You kick milladamen's ghost, but do no damage.
Milladamen's ghost is lightly damaged.
Milladamen's ghost keens inconsolably.
Milladamen's ghost barely misses you.
You slash milladamen's ghost!
Milladamen's ghost is moderately damaged.
Milladamen's ghost hits you!
* * * LOW HITPOINT WARNING * * *
Milladamen's ghost hits you!
You die...

##### ###...##
###...#..## #
###...####..####...#
###...###
##.@W...... ##...###
########## #..###
#.## #.# #.# #.##
#..# ##.#


You could see milladamen's ghost.

Vanquished Creatures
  An ogre (D:5)
  A centaur skeleton (D:4)
  3 orc priests
  2 orc wizards
  Natasha (thrice) (D:4)
  A worker ant (D:5)
  10 gnolls
  2 adders (D:2)
  3 worms
  3 dart slugs
  4 giant geckos
  11 orcs
  2 giant cockroaches
  7 hobgoblins
  10 jackals
  A quokka (D:3)
  A ball python (D:2)
  3 bats
  A giant gecko skeleton (D:5)
  6 giant newts
  2 gnoll zombies (D:3)
  4 goblins
  7 kobolds
  A quokka skeleton (D:4)
  4 rats
93 creatures vanquished.

Vanquished Creatures (others)
  6 fungi (D:5)
6 creatures vanquished.

Grand Total: 99 creatures vanquished

Notes
Turn   | Place    | Note
--------------------------------------------------------------
     0 | D:1      | Gorice the Demonspawn Gladiator began the quest for the Orb.
     0 | D:1      | Reached XP level 1. HP: 16/16 MP: 1/1
   234 | D:1      | Reached skill level 3 in Long Blades
   313 | D:1      | Gained mutation: You have sharp fingernails. [demonic ancestry]
   313 | D:1      | Reached XP level 2. HP: 19/22 MP: 2/2
   838 | D:2      | Gained mutation: You have very sharp fingernails. [demonic ancestry]
   838 | D:2      | Reached XP level 3. HP: 19/27 MP: 3/3
   931 | D:2      | Found a snail-covered altar of Cheibriados.
   937 | D:2      | Reached skill level 4 in Long Blades
  1653 | D:3      | Gained mutation: You have large cloven feet. [demonic ancestry]
  1653 | D:3      | Reached XP level 4. HP: 33/33 MP: 4/4
  1753 | D:3      | HP: 7/33 [gnoll/spear (5)]
  1757 | D:3      | HP: 3/33 [gnoll/spear (5)]
  1758 | D:3      | Reached skill level 5 in Long Blades
  2148 | D:3      | Gained mutation: You have a pair of small antennae on your head. [demonic ancestry]
  2148 | D:3      | Reached XP level 5. HP: 18/38 MP: 5/5
  2587 | D:3      | Found a basalt altar of Yredelemnul.
  2984 | D:4      | Noticed Natasha
  2994 | D:4      | Killed Natasha
  3030 | D:4      | Noticed Natasha
  3062 | D:4      | Killed Natasha
  3062 | D:4      | Reached skill level 6 in Long Blades
  3264 | D:4      | Noticed Natasha
  3269 | D:4      | Killed Natasha
  3269 | D:4      | Reached XP level 6. HP: 38/44 MP: 6/6
  3291 | D:4      | Found a staircase to the Ecumenical Temple.
  3331 | Temple   | Entered the Ecumenical Temple
  3342 | Temple   | Became a worshipper of Warmaster Okawaru
  3489 | D:4      | HP: 11/44 [orc priest/divine providence (15)]
  3496 | D:4      | HP: 7/44 [orc/trident (2)]
  3501 | D:4      | HP: 7/44 [orc/trident (7)]
  3502 | D:4      | HP: 1/44 [orc/trident (6)]
  4029 | D:4      | Reached skill level 1 in Armour
  4297 | D:4      | Gained mutation: Your flesh is cold resistant. [potion of mutation]
  4297 | D:4      | Gained mutation: You are dopey. (Int -2) [potion of mutation]
  4298 | D:4      | Gained mutation: Your natural rate of healing is unusually fast. [potion of mutation]
  4298 | D:4      | Gained mutation: You are agile. (Dex +2) [potion of mutation]
  4298 | D:4      | Gained mutation: You are weak. (Str -2) [potion of mutation]
  4303 | D:5      | Entered Level 5 of the Dungeon
  4512 | D:5      | Reached skill level 7 in Long Blades
  4512 | D:5      | Reached skill level 2 in Armour
  4512 | D:5      | Gained mutation: You have hoof-like feet. [demonic ancestry]
  4512 | D:5      | Reached XP level 7. HP: 50/50 MP: 7/7
  4660 | D:5      | Noticed milladamen's ghost (novice MiBe)
  4681 | D:5      | HP: 14/50 [milladamen's ghost (8)]
  4681 | D:5      | Slain by milladamen's ghost

Vault maps used:
D:1:      lightli_arrival_farm, minmay_misc_feat_plants
D:2:      lemuel_round_altar, serial_bayou_pond_d, feat_on_display
D:3:      lemuel_zombie_altar_yredelemnul
D:4:      minmay_temple_entry_trees, uniq_natasha
D:5:      first_bread, serial_aquarium, aquarium_bridge_straight,
          aquarium_window_3, aquarium_window_fake, aquarium_window_fake,
          aquarium_view_2a, aquarium_pool_four
Temple:   lightli_temple_of_artemis

Skill      XL: |  1  2  3  4  5  6 |
---------------+-------------------+-----
Long Blades    | 3 4 5 6 7 |  7.1
Armour         | 2 |  2.1
Fighting       | |  2.0
Throwing       | |  1.7
Dodging        | |  2.6

Action                   |  1- 3 |  4- 6 |  7- 9 || total
-------------------------+-------+-------+-------++-------
Melee: Long sword        |    53 |    30 |     7 ||    90
       Short sword       |    36 |   137 |    15 ||   188
 Fire: Hunting sling     |    23 |     2 |       ||    25
Throw: Tomahawk          |       |     2 |       ||     2
       Throwing net      |       |     1 |       ||     1
  Use: Scroll            |     7 |     4 |     1 ||    12
       Potion            |       |     3 |       ||     3
  Eat: Chunk             |     2 |     9 |     1 ||    12

Table legend:
 A = Turns spent in this place as a percentage of turns spent in the entire game.
 B = Non-inter-level travel turns spent in this place as a percentage of non-inter-level travel turns spent in the entire game.
 C = Inter-level travel turns spent in this place as a percentage of turns spent in this place.
 D = Turns resting spent in this place as a percentage of non-inter-level travel turns spent in this place.
 E = Turns spent auto-exploring this place as a percentage of non-inter-level travel turns spent in this place.
 F = Non-inter-level travel turns spent in this place divided by the number of levels of this place that you've seen.
                   A       B       C       D       E      F
               +-------+-------+-------+-------+-------+----------------------
         Total | 100.0 | 100.0 |   0.6 |   1.8 |   8.2 | 197.2
       Dungeon |  97.5 |  97.5 |   0.5 |   1.8 |   8.4 | 230.8
        Temple |   2.5 |   2.5 |   3.3 |   0.0 |   0.0 |  29.0
               +-------+-------+-------+-------+-------+----------------------

Vault maps used:
D:1:      lightli_arrival_farm, minmay_misc_feat_plants
D:2:      lemuel_round_altar, serial_bayou_pond_d, feat_on_display
D:3:      lemuel_zombie_altar_yredelemnul
D:4:      minmay_temple_entry_trees, uniq_natasha
D:5:      first_bread, serial_aquarium, aquarium_bridge_straight,
          aquarium_window_3, aquarium_window_fake, aquarium_window_fake,
          aquarium_view_2a, aquarium_pool_four
Temple:   lightli_temple_of_artemis
